 Dungeon Crawl Stone Soup version 0.20.1-1-g8b1a95d (webtiles) character file.

261 Maskull the Covered (level 6, -7/52 HPs)
             Began as a Hill Orc Fighter on July 29, 2017.
             Was a Follower of Uskayaw.
             Killed from afar by an orc wizard (9 damage)
             ... with a puff of frost
             ... on level 4 of the Dungeon.
             The game lasted 00:07:46 (2076 turns).

Maskull the Covered (Hill Orc Fighter)              Turns: 2076, Time: 00:07:46

Health: -7/52      AC:  8    Str: 26    XL:     6   Next: 18%
Magic:  4/4        EV:  8    Int:  6    God:    Uskayaw [*.....]
Gold:   152        SH: 11    Dex: 10    Spells: 5/5 levels left

rFire    . . .     SeeInvis .   a - +1 trident
rCold    . . .     Gourm    .   c - +1 shield
rNeg     . . .     Faith    .   b - +0 scale mail
rPois    .         Spirit   .   (no helmet)
rElec    .         Reflect  .   (no cloak)
rCorr    +         Harm     .   (no gloves)
MR       .....     Clarity  +   e - +0 pair of boots
Stlth    ..........             (no amulet)
Regen    0.2/turn               n - ring of resist corrosion
MPRegen  0.1/turn               (no ring)

@: mighty, about to teleport, slowed, very slow
A: clarity, dopey 1, low mp 2
a: Stomp, Renounce Religion


You were on level 4 of the Dungeon.
You worshipped Uskayaw.
Uskayaw was noncommittal.
You were not hungry.

You visited 1 branch of the dungeon, and saw 4 of its levels.

You collected 152 gold pieces.

Inventory:

Hand Weapons
 a - a +1 trident (weapon)
Armour
 b - a +0 scale mail (worn)
 c - a +1 shield (worn)
 e - a +0 pair of boots (worn)
Jewellery
 n - a ring of resist corrosion (left hand)
Scrolls
 d - 2 scrolls of remove curse
 l - a scroll of teleportation
Potions
 k - 4 potions of flight
Comestibles
 f - a bread ration
 h - a meat ration
 i - 3 royal jellies


   Skills:
 + Level 4.3 Fighting
 + Level 4.5 Polearms
 + Level 4.6 Armour
 + Level 0.8 Dodging
 + Level 4.4 Shields


You had 5 spell levels left.
You didn't know any spells.

Dungeon Overview and Level Annotations

Branches:
Dungeon (4/15)
 Temple: D:4-7

Altars:
Ashenzari
Cheibriados
Elyvilon
Fedhas
Qazlal
Ru
Uskayaw


Innate Abilities, Weirdness & Mutations

You possess an exceptional clarity of mind.
You are dopey. (Int -2)
Your magical capacity is very low. (-20% MP)


Message History

You feel strangely unstable.
You hear some strange, mumbled words.
A magic dart appears from out of thin air!
The magic dart hits you!
You hear some strange, mumbled words.
A magic dart appears from out of thin air!
The magic dart hits you!
* * * LOW HITPOINT WARNING * * *
The orc barely misses you.
You hear some strange, mumbled words.
A magic dart appears from out of thin air!
The magic dart hits you!
* * * LOW HITPOINT WARNING * * *
Something hits you but does no damage.
You barely miss the orc. The orc hits you with a club.
* * * LOW HITPOINT WARNING * * *
You hear some strange, mumbled words.
A puff of frost appears from out of thin air!
The puff of frost hits you!
You die...

#...........+......†.....
#...........#...#.#.#.#.#
#...........#....#.......
#...........###+######+##
#...........#
########....# # #....# ..
#....# ... #@...# ....
#.o..# ..... #....#
......#######....#
>......)......####
..............#
..............#
..............#
..!...........#


You could see an orc.

Vanquished Creatures
  2 hounds
  2 orc wizards (D:4)
  Terence (D:2)
  3 adders
  3 worms
  5 dart slugs
  4 leopard geckos
  7 orcs (D:3)
  5 goblins
  5 hobgoblins
  10 kobolds
  2 quokkas (D:3)
  2 ball pythons
  7 bats
  4 frilled lizards
  8 rats
70 creatures vanquished.

Notes
Turn   | Place    | Note
-------+----------+-------------------------------------------
     0 | D:1      | Maskull the Hill Orc Fighter began the quest for the Orb.
     0 | D:1      | Reached XP level 1. HP: 19/19 MP: 1/1
   235 | D:1      | Reached XP level 2. HP: 26/27 MP: 2/2
   751 | D:1      | Reached XP level 3. HP: 33/33 MP: 3/3
   813 | D:2      | Found a hide-covered altar of Uskayaw.
   814 | D:2      | Found a shattered altar of Ashenzari.
   814 | D:2      | Found a white marble altar of Elyvilon.
   814 | D:2      | Noticed Terence
   825 | D:2      | Killed Terence
   828 | D:2      | Found a snail-covered altar of Cheibriados.
   828 | D:2      | Found a blossoming altar of Fedhas.
   831 | D:2      | Became a worshipper of Uskayaw the Reveler
   870 | D:2      | Reached * piety under Uskayaw
   940 | D:2      | Reached XP level 4. HP: 30/40 MP: 4/4
   940 | D:2      | Reached ** piety under Uskayaw
  1373 | D:3      | Found a sacrificial altar of Ru.
  1419 | D:3      | Found a stormy altar of Qazlal.
  1420 | D:3      | Noticed an earth elemental
  1422 | D:3      | Noticed a fire elemental
  1422 | D:3      | Noticed an air elemental
  1422 | D:3      | Noticed a water elemental
  1753 | D:3      | Reached XP level 5. HP: 46/46 MP: 5/5
  1955 | D:4      | Reached *** piety under Uskayaw
  1957 | D:4      | Gained mutation: Your magical capacity is low. (-10% MP) [potion of mutation]
  1957 | D:4      | Gained mutation: You are dopey. (Int -2) [potion of mutation]
  1957 | D:4      | Gained mutation: Your magical capacity is very low. (-20% MP) [potion of mutation]
  1957 | D:4      | Gained mutation: You possess an exceptional clarity of mind. [potion of mutation]
  2050 | D:4      | Reached XP level 6. HP: 34/52 MP: 4/4
  2076 | D:4      | HP: 2/52 [orc/club (1)]
  2076 | D:4      | Killed from afar by an orc wizard

Skill      XL: |  1  2  3  4  5 |
---------------+----------------+-----
Fighting       | 4 |  4.3
Polearms       | 3 4 |  4.5
Armour         | 4 |  4.6
Shields        | 4 |  4.4
Dodging        | |  0.8

Action                   |  1- 3 |  4- 6 || total
-------------------------+-------+-------++-------
Melee: Trident           |    81 |   208 ||   289
Invok: Stomp             |       |     2 ||     2
  Use: Scroll            |     5 |     4 ||     9
       Potion            |     1 |     4 ||     5
 Stab: Paralysed         |       |     1 ||     1
  Eat: Bread ration      |       |     1 ||     1
Armor: Scale mail        |    15 |    88 ||   103
Dodge: Dodged            |    30 |    66 ||    96
Block: Shield            |    32 |   134 ||   166
